 Dungeon Crawl Stone Soup version 0.31-a0-75-g6fe912e8c5 (webtiles) character file.

Game seed: 8045654952056030002

91 Sobieck the Conjurer (level 4, -1/33 HPs)
             Began as a Draconian Conjurer on May 23, 2023.
             Was an Initiate of Sif Muna.
             Slain by a black bear (7 damage)
             ... on level 4 of the Dungeon.
             The game lasted 00:03:38 (3282 turns).

Sobieck the Conjurer (Draconian Conjurer)           Turns: 3282, Time: 00:03:38

Health: -1/33      AC:  5    Str:  9    XL:     4   Next: 34%
Magic:  1/7        EV: 12    Int: 20    God:    Sif Muna [......]
Gold:   156        SH:  5    Dex: 10    Spells: 4/7 levels left

rFire   . . .        j - +2 dagger (speed) {short}
rCold   . . .        (no shield)
rNeg    . . .        (body armour unavailable)
rPois   .            (helmet restricted)
rElec   .            (no cloak)
rCorr   .            (no gloves)
SInv    .            (no boots)
Will    .....        b - amulet of reflection
Stlth   ++           (no ring)
HPRegen 0.25/turn    (no ring)
MPRegen 0.10/turn

%: reflection
@: no status effects
A: AC +5, unfitting armour, cold-blooded
a: Renounce Religion


You were on level 4 of the Dungeon.
You worshipped Sif Muna.
Sif Muna was noncommittal.
You visited 1 branch of the dungeon, and saw 4 of its levels.

You collected 156 gold pieces.

Inventory:

Hand Weapons
 j - a +2 dagger of speed (weapon) {short}
Missiles
 d - 9 poisoned darts {throwing}
 e - a throwing net {=f!fthrowing}
 h - 30 stones {throwing}
Magical Staves
 t - a staff of poison {!astaff}
Jewellery
 b - an amulet of reflection (around neck)
 f - a ring of poison resistance
 u - a ring of resist corrosion
 v - a ring of see invisible
Wands
 q - a wand of light (2)
Scrolls
 c - 6 scrolls of identify {unknown}
 g - a scroll of immolation {unknown}
 i - a scroll of noise {unknown}
 l - a scroll of teleportation {unknown}
 m - a scroll of magic mapping {unknown}
 o - 2 scrolls of fog {unknown}
 p - 3 scrolls of enchant armour {unknown}
 s - a scroll of fear {unknown}
 w - a scroll of brand weapon {unknown}
 x - a scroll of vulnerability {unknown}
Potions
 a - a potion of magic
 k - 3 potions of degeneration {unknown}
 n - a potion of lignification {unknown}
 r - a potion of curing {unknown}


   Skills:
 - Level 1.7 Dodging
 - Level 1.7 Stealth
 - Level 2.0 Spellcasting
 + Level 5.9 Conjurations


You had 4 spell levels left.
You knew the following spells:

 Your Spells              Type           Power      Damage    Failure   Level
a - Magic Dart            Conj           100%       1d8       1%          1
b - Searing Ray           Conj           50%        2d6       2%          2

Your spell library contained the following spells:

 Spells                   Type           Power      Damage    Failure   Level
 Dazzling Flash           Conj/Hex       24%        N/A       16%         3
 Fulminant Prism          Conj/Hex       6%         3d6       45%         4
 Iskenderun's Mystic Bla  Conj/Tloc      12%        2d5       45%         4
 Olgreb's Toxic Radiance  Pois           2%         N/A       83%         4
 Discord                  Hex            1%         N/A       100%        8
 Ignition                 Fire           1%         3d3       100%        8


Dungeon Overview and Level Annotations

Branches:
Dungeon (4/15) Zot: 20719
 Temple: D:4-7

Altars:
Qazlal
Sif Muna
The Shining One

Annotations:
D:3 exclusion: door


Innate Abilities, Weirdness & Mutations

Your plain brown scales are hard. (AC +5)
You cannot fit into any form of body armour.
You are cold-blooded and may be slowed by cold attacks.


Message History

Sif Muna accepts your kill.
No target in view!
Found a stone staircase leading down.
Unknown command.
p - 3 scrolls labelled OKEEMMOISM (gained 2)
A kobold comes into view.
It is wielding a +3 whip of electrocution.
Unknown command.
The magic dart hits the kobold.
You kill the kobold!
Sif Muna accepts your kill.
No target in view!
No target in view!
A black bear comes into view.
Unknown command.
The magic dart hits the black bear.
The magic dart hits the black bear.
The magic dart hits the black bear.
The magic dart hits the black bear.
The magic dart hits the black bear.
The magic dart hits the black bear.
The black bear goes berserk!
The magic dart hits the black bear.
Unknown command.
Unknown command.
You hit the black bear. The black bear bites you!
The black bear claws you but does no damage.
You block the black bear's attack.
You hit the black bear but do no damage.
The black bear barely misses you. x2; The black bear claws you.
Unknown command.
You hit the black bear. The black bear bites you!
* * * LOW HITPOINT WARNING * * *
The black bear barely misses you. The black bear claws you.
* * * LOW HITPOINT WARNING * * *
Unknown command.
You hit the black bear but do no damage.
The black bear bites you.
* * * LOW HITPOINT WARNING * * *
The black bear closely misses you. The black bear barely misses you.
Unknown command.
Unknown command.
Unknown command.
Unknown command.
Unknown command.
Unknown command.
Unknown command.
The black bear attacks as you move away!
The black bear barely misses you. You block the black bear's attack.
The black bear barely misses you. The black bear bites you!
You die...

....... ....)..
....... .......
#### .......
#####..###.......
###..>...##..#
###.........h.##
##..........@.##
##............##
#.............#
##............##
#..).........##
#............#
##...<......##
##........##
##......##


You could see a black bear (berserk).

Vanquished Creatures
  2 adders (D:3)
  A gnoll (D:1)
  3 dart slugs
  2 orcs
  4 ball pythons
  6 endoplasms
  3 giant cockroaches
  4 goblins
  5 hobgoblins
  6 jackals (D:2)
  2 kobolds
  A quokka (D:1)
  5 bats
  2 frilled lizards
  3 rats
49 creatures vanquished.

Notes
Turn   | Place    | Note
-------+----------+-------------------------------------------
     0 | D:1      | Sobieck the Draconian Conjurer began the quest for the Orb.
     0 | D:1      | Reached XP level 1. HP: 14/14 MP: 3/3
   189 | D:1      | HP: 1/14 [frozen (4)]
   400 | D:1      | Reached XP level 2. HP: 20/20 MP: 3/5
   891 | D:1      | Reached skill level 5 in Conjurations
   891 | D:1      | Reached XP level 3. HP: 26/26 MP: 1/6
   968 | D:1      | Learned a level 2 spell: Searing Ray
  1977 | D:2      | Identified the +2 spear of Zoydaab {freeze, Contam Int+4}
  2195 | D:3      | Found a glowing golden altar of the Shining One.
  2317 | D:3      | Reached XP level 4. HP: 33/33 MP: 4/7
  2508 | D:3      | Found a faded altar of an unknown god.
  2648 | D:3      | Found a shimmering blue altar of Sif Muna.
  2665 | D:3      | Became a worshipper of Sif Muna the Loreminder
  2834 | D:3      | You add the spells Olgreb's Toxic Radiance, Ignition and
                  | Discord to your library.
  2880 | D:3      | Found a stormy altar of Qazlal.
  3269 | D:4      | Noticed a black bear
  3280 | D:4      | HP: 5/33 [black bear (4)]
  3282 | D:4      | Slain by a black bear

Illustrated notes

Levels and vault maps discovered:
D:1:      kennysheep_arrival_forest, layout_loops_ring
D:2:      minmay_recursive_quarters, layout_loops_ring,
          dreamdust_mushroom_princess
D:3:      layout_rooms, led_sif_book, mainiacjoe_overflow_surrounded_room,
          mainiacjoe_overflow_six_doors_small, basic_ecumenical_altar,
          nicolae_concentric_dashed_squares_wild, minmay_misc_feat_room,
          grunt_decor_junction
D:4:      layout_cave_pods, mainiacjoe_overflow_concentric_impassable,
          gammafunk_ghost_necromancy, uniq_edmund

Skill      XL: |  1  2 |
---------------+-------+-----
Conjurations   | 5 |  5.9
Dodging        | |  1.7
Stealth        | |  1.7
Spellcasting   | |  2.0

Action                     |  1- 3 |  4- 6 || total
---------------------------+-------+-------++-------
  Melee: Unarmed           |    12 |       ||    12
         Tailslap          |     3 |       ||     3
         Dagger            |     3 |     4 ||     7
   Cast: Magic Dart        |    78 |    38 ||   116
 Armour: Skin              |     7 |     1 ||     8
  Dodge: Dodged            |    15 |     8 ||    23
  Block: Other             |     7 |     3 ||    10
         Reflection        |       |     1 ||     1

Table legend: (Time is in decaauts)
 A = Elapsed time spent in this place.
 B = Non-inter-level travel time spent in this place.
 C = Inter-level travel time spent in this place.
 D = Time resting spent in this place.
 E = Time spent auto-exploring this place.
 F = Levels seen in this place.
 G = Mean time per level.
                   A        B        C        D        E       F      G
               +--------+--------+--------+--------+--------+-----+--------+
         Total |   3279 |   3184 |     95 |      8 |   2842 |   4 |  819.8 |
       Dungeon |   3279 |   3184 |     95 |      8 |   2842 |   4 |  819.8 |
               +--------+--------+--------+--------+--------+-----+--------+

Top non-repeatable levels by time:
     D:1: 1173 daAuts
     D:3: 1025 daAuts
     D:2: 1014 daAuts
     D:4: 66 daAuts
